 Dungeon Crawl Stone Soup version 0.21-a0-538-gd16b88a (webtiles) character file.

526 slep the Chopper (level 7, -4/37 HPs)
             Began as a Vine Stalker Fighter on Dec 17, 2017.
             Slain by an ogre
             ... wielding a +0 giant spiked club
              (20 damage)
             ... on level 5 of the Dungeon.
             The game lasted 00:11:47 (3205 turns).

slep the Chopper (Vine Stalker Fighter)             Turns: 3205, Time: 00:11:48

Health: -4/37      AC:  9    Str: 18    XL:     7   Next: 23%
Magic:  0/8        EV: 10    Int:  8    God:
Gold:   175        SH:  0    Dex: 16    Spells: 5/6 levels left

rFire    . . .     SeeInvis +   a - +0 war axe
rCold    . . .     Gourm    .   (no shield)
rNeg     . . .     Faith    .   b - +0 scale mail
rPois    .         Spirit   +   h - +1 helmet
rElec    .         Reflect  .   n - +0 cloak
rCorr    .         Harm     .   u - +0 pair of gloves
MR       .....                  (no boots)
Stlth    ..........             (no amulet)
HPRegen  0.52/turn              x - ring of see invisible
MPRegen  0.11/turn              D - -2 ring of protection (curse)

@: no status effects
A: fangs 2, regeneration 1, magic shield, antimagic bite, no potion heal 3, rot
immunity
a: no special abilities


You were on level 5 of the Dungeon.
You were not hungry.

You visited 1 branch of the dungeon, and saw 5 of its levels.

You collected 175 gold pieces.

Inventory:

Hand Weapons
 a - a +0 war axe (weapon)
Missiles
 q - 26 poisoned needles
 z - 8 tomahawks (quivered)
Armour
 b - a +0 scale mail (worn)
 h - a +1 helmet (worn)
 n - a +0 cloak (worn)
 u - a +0 pair of gloves (worn)
Jewellery
 x - a ring of see invisible (left hand)
 D - a cursed -2 ring of protection (right hand)
Wands
 A - a wand of polymorph (10)
 E - a wand of digging (11)
Scrolls
 j - 2 scrolls of amnesia {unknown}
 m - a scroll of remove curse {unknown}
 r - 6 scrolls of teleportation {unknown}
 t - 4 scrolls of identify {unknown}
 w - a scroll of enchant armour {unknown}
 y - a scroll of fog {unknown}
Potions
 d - 2 potions of might
 e - a potion of degeneration {unknown}
 g - 2 potions of heal wounds {unknown}
 i - 2 potions of flight {unknown}
 k - 2 potions of curing {unknown}
 o - 2 potions of cancellation {unknown}
 p - a potion of berserk rage {unknown}
Books
 C - a book of Cantrips

   Spells                             Type                      Level
   a - Confusing Touch                Hexes                        1
   b - Animate Skeleton               Necromancy                   1
   c - Summon Small Mammal            Summoning                    1
   d - Apportation                    Translocation                1
Comestibles
 c - 7 fruits
 f - 4 bread rations
 l - 2 meat rations
 s - 3 royal jellies


   Skills:
 + Level 3.9 Fighting
 + Level 5.1 Axes
 + Level 3.9 Armour
 + Level 1.0 Dodging
 + Level 0.6 Stealth
   Level 2.6 Shields


You had 5 spell levels left.
You knew the following spells:

 Your Spells              Type           Power        Failure   Level  Hunger
a - Apportation           Tloc           #.....       78%         1    ##.....


Dungeon Overview and Level Annotations

Branches:
Dungeon (5/15)
 Temple: D:4-7

Altars:
Cheibriados
Fedhas
Hepliaklqana
Makhleb
Vehumet
Wu Jian


Innate Abilities, Weirdness & Mutations

You have extremely sharp teeth.
Your natural rate of healing is unusually fast.
When hurt, damage is shared between your health and your magic reserves.
Your bite disrupts and absorbs the magic of your enemies.
Potions cannot restore your health.
You are immune to rotting.


Message History

Aim: an ogre, wielding a giant spiked club You throw a silver tomahawk.
The silver tomahawk hits the ogre.
The ogre is lightly wounded.
All of the chunks of flesh in your inventory have rotted away.
Throwing (i - inventory. (,) - cycle):
v - a silver tomahawk (quivered)
Press: ? - help, Shift-Dir - straight line, f/p - ogre
Aim: an ogre, wielding a giant spiked club (lightly wounded)
You throw a silver tomahawk.
The silver tomahawk barely misses the ogre.
You hit the ogre. You bite the ogre. You drain its power.
The ogre is moderately wounded.
The ogre hits you with a giant spiked club!
You slash the ogre!
The ogre is severely wounded.
The ogre hits you with a giant spiked club!
You hit the ogre. You bite the ogre. You drain its power.
You feel invigorated.
The ogre is almost dead.
The ogre hits you with a giant spiked club!!
Ouch! That really hurt!
You die...

..######.##.######...............
...<................##.######..##
..########..#####...##.# #.......
l# #..........##.# #.##..#. .
#...........#.###.##..#.
#..#######........#)..#.
#....†..###.#.#.#. #....#..#
#.#.#.#. #@####..# #....... #O#
#..###.....## ..( #.......#..##
.###( #.####....### .. .##.#
#.#.## # .# ##.# #.#.# # #.
#.####.#.# # # #........# # ..
.....# #


You could see an ogre.

Vanquished Creatures
  2 howler monkeys
  An orc priest (D:5)
  2 hounds (D:5)
  Natasha (thrice) (D:2)
  2 orc wizards
  A hound skeleton (D:5)
  11 adders
  2 adder zombies (D:5)
  3 worms
  2 dart slugs
  3 leopard geckos
  15 orcs
  A ball python (D:5)
  5 giant cockroaches
  8 goblins
  7 hobgoblins
  2 jackals (D:2)
  A quokka (D:2)
  11 bats
  2 frilled lizards
  7 kobolds
  7 rats
  9 fungi (D:2)
  2 plants (D:2)
109 creatures vanquished.

Notes
Turn   | Place    | Note
-------+----------+-------------------------------------------
     0 | D:1      | slep the Vine Stalker Fighter began the quest for the Orb.
     0 | D:1      | Reached XP level 1. HP: 11/11 MP: 2/2
    54 | D:1      | Reached XP level 2. HP: 11/16 MP: 3/3
   253 | D:1      | Reached skill level 2 in Axes
   575 | D:2      | Reached XP level 3. HP: 20/20 MP: 4/4
   661 | D:2      | Found a burning altar of Makhleb.
   851 | D:2      | Found a blossoming altar of Fedhas.
   883 | D:2      | Gained mutation: Your natural rate of healing is unusually fast. [Vine Stalker growth]
   883 | D:2      | Reached XP level 4. HP: 22/24 MP: 5/5
   940 | D:2      | Noticed Natasha
   949 | D:2      | Killed Natasha
  1349 | D:2      | Noticed Natasha
  1355 | D:2      | Killed Natasha
  1355 | D:2      | Reached skill level 3 in Axes
  1587 | D:2      | Noticed Natasha
  1600 | D:2      | Killed Natasha
  1600 | D:2      | Reached XP level 5. HP: 15/28 MP: 6/6
  1888 | D:3      | Reached XP level 6. HP: 32/32 MP: 7/7
  2012 | D:3      | Reached skill level 4 in Axes
  2066 | D:3      | Found an ornate altar of the Wu Jian Council.
  2315 | D:3      | Found a radiant altar of Vehumet.
  2417 | D:4      | Found a snail-covered altar of Cheibriados.
  2623 | D:4      | Found a hazy altar of Hepliaklqana.
  2889 | D:5      | Entered Level 5 of the Dungeon
  3045 | D:5      | Reached XP level 7. HP: 32/37 MP: 6/8
  3091 | D:5      | Reached skill level 1 in Dodging
  3102 | D:5      | Reached skill level 5 in Axes
  3124 | D:5      | Learned a level 1 spell: Apportation
  3205 | D:5      | Slain by an ogre

Vault maps used:
D:1:      giann_bridges, minmay_heptomino_d4
D:2:      fedhas_altar_3, nicolae_overflow_crystal_walls, first_bread,
          hangedman_decor_growths, hangedman_decor_diamond_cutter, uniq_natasha
D:3:      lemuel_crystal_altar, marbit_many_paths
D:4:      cheibriados_altar_1, overflow_temple_1_default
D:5:      nemelex_xobeh_ov_fountains_minmay,
          minmay_temple_entry_statues_pillars, uniq_sigmund

Skill      XL: |  1  2  3  4  5  6  7 |
---------------+----------------------+-----
Fighting       | 3 |  3.9
Axes           | 2 3 4 5 |  5.1
Armour         | 3 |  3.9
Dodging        | 1 |  1.0
Stealth        | |  0.6
Shields        | |  2.6

Action                   |  1- 3 |  4- 6 |  7- 9 || total
-------------------------+-------+-------+-------++-------
Melee: War axe           |   111 |   233 |    40 ||   384
       Bite              |    25 |    86 |    15 ||   126
Throw: Tomahawk          |       |       |     2 ||     2
  Eat: Chunk             |       |     8 |       ||     8
Armor: Scale mail        |    71 |    98 |    27 ||   196
Dodge: Dodged            |    82 |    96 |    17 ||   195

Table legend:
 A = Spawn XP
 B = Non-spawn XP
 C = Spawn XP percentage of total XP
 D = Spawn monster count
 E = Non-spawn monster count
 F = Spawn count percentage of total count
 G = Total turns spent on level
                    A         B        C        D         E        F      G
               +---------+---------+-------+---------+---------+-------+---------
         Total |       0 |     752 |   0.0 |       0 |      98 |   0.0 |  3205
               +---------+---------+-------+---------+---------+-------+---------
           D:1 |       0 |      33 |   0.0 |       0 |      19 |   0.0 |   572
           D:2 |       0 |     163 |   0.0 |       0 |      23 |   0.0 |  1058
           D:3 |       0 |     161 |   0.0 |       0 |      31 |   0.0 |   787
           D:4 |       0 |      89 |   0.0 |       0 |       6 |   0.0 |   472
           D:5 |       0 |     306 |   0.0 |       0 |      19 |   0.0 |   316
               +---------+---------+-------+---------+---------+-------+---------
